 Dungeon Crawl Stone Soup version 0.31.0-11-ge490571c62 (webtiles) character file.

Game seed: 8642099471566911055

6040 Kruger the Blocker (level 10, -4/82 HPs)
             Began as a Gnoll Fighter on Feb 9, 2024.
             Was a High Priest of Cheibriados.
             Slain by a yak (11 damage)
             ... on level 8 of the Dungeon.
             The game lasted 00:35:39 (7077 turns).

Kruger the Blocker (Gnoll Fighter)                  Turns: 7077, Time: 00:35:40

Health: -4/82      AC:  8    Str: 30    XL:     10   Next: 86%
Magic:  16/18      EV: 15    Int: 23    God:    Cheibriados [*****.]
Gold:   249        SH:  7    Dex: 22    Spells: 4/20 levels left

rFire   . . .        e - +3 hand axe (venom)
rCold   . . .        c - +0 buckler
rNeg    . . .        q - +1 ring mail of Adyes {Str+3}
rPois   +            (no helmet)
rElec   .            (no cloak)
rCorr   .            (no gloves)
SInv    .            (no boots)
Will    .....        g - amulet of magic regeneration
Stlth   +++          n - ring of poison resistance
HPRegen 0.33/turn    (no ring)
MPRegen 0.56/turn

%: no passive effects
@: very slow
A: fangs 1, strong nose, distributed training
a: Renounce Religion, Bend Time, Temporal Distortion, Slouch, Step From Time


You were on level 8 of the Dungeon.
You worshipped Cheibriados.
Cheibriados was extremely pleased with you.
You visited 1 branch of the dungeon, and saw 8 of its levels.
You also visited: Sewer.

You collected 486 gold pieces.
You spent 237 gold pieces at shops.

Inventory:

Hand Weapons
 e - a +3 hand axe of venom (weapon)
 u - a +0 hand axe of venom
Missiles
 f - a curare-tipped dart
 k - a boomerang (quivered)
 r - 2 atropa-tipped darts
 v - 5 datura-tipped darts
Armour
 b - a +0 scale mail
 c - a +0 buckler (worn)
 q - the +1 ring mail of Adyes (worn) {Str+3}
   (You found it on level 2 of the Dungeon)

   Str+3:     It affects your strength (+3).
Jewellery
 g - an amulet of magic regeneration (around neck)
 n - a ring of poison resistance (left hand)
Wands
 a - a wand of quicksilver (10)
 h - a wand of flame (10)
 m - a wand of polymorph (22)
Scrolls
 i - a scroll of fog
 j - 7 scrolls of teleportation
 l - a scroll of amnesia
 w - a scroll of immolation
Potions
 d - 3 potions of might
 o - a potion of degeneration {unknown}
 p - 2 potions of curing {unknown}
 s - a potion of brilliance {unknown}
 t - 2 potions of lignification {unknown}


   Skills:
 + Level 8.9 Fighting
 + Level 5.9 Short Blades
 + Level 5.9 Long Blades
 + Level 7.5 Axes
 + Level 5.9 Maces & Flails
 + Level 5.9 Polearms
 + Level 5.9 Staves
 + Level 5.9 Ranged Weapons
 + Level 5.9 Throwing
 + Level 8.9 Armour
 + Level 5.9 Dodging
 + Level 5.9 Stealth
 + Level 8.9 Shields
 + Level 5.9 Unarmed Combat
 + Level 5.9 Spellcasting
 + Level 4.8 Conjurations
 + Level 4.8 Hexes
 + Level 4.8 Summonings
 + Level 4.8 Necromancy
 + Level 4.8 Translocations
 + Level 4.8 Fire Magic
 + Level 4.8 Ice Magic
 + Level 4.8 Air Magic
 + Level 4.8 Earth Magic
 + Level 4.8 Alchemy
 + Level 6.4 Invocations
 + Level 5.9 Evocations
 + Level 5.3 Shapeshifting


You had 4 spell levels left.
You knew the following spells:

 Your Spells              Type           Power      Damage    Failure   Level
a - Ignite Poison         Fire/Alch      29%        N/A       17%         4
b - Jinxbite              Hex            58%        N/A       2%          2
c - Volatile Blastmotes   Fire/Tloc      58%        2d14      5%          3
d - Vampiric Draining     Necr           29%        2d8       5%          3
e - Animate Dead          Necr           29%        N/A       17%         4

Your spell library contained the following spells:

 Spells                   Type           Power      Damage    Failure   Level
 Apportation              Tloc           58%        N/A       1%          1
 Necrotise                Necr           100%       1d9       1%          1
 Fulminant Prism          Conj/Alch      14%        3d9       17%         4
 Iskenderun's Mystic Bla  Conj/Tloc      29%        2d7       17%         4
 Martyr's Knell           Necr/Summ      29%        N/A       17%         4
 Sticky Flame             Fire/Alch      29%        2d7       17%         4
 Alistair's Intoxication  Alch           19%        N/A       43%         5
 Curse of Agony           Necr           29%        N/A       43%         5
 Haunt                    Necr/Summ      14%        N/A       100%        7
 Ignition                 Fire           14%        3d6       100%        8
 Infestation              Necr           14%        N/A       100%        8
 Chain Lightning          Conj/Air       14%        3d19      100%        9
 Fire Storm               Conj/Fire      14%        8d4       100%        9
 Shatter                  Erth           14%        3d14*     100%        9


Dungeon Overview and Level Annotations

Branches:
Dungeon (8/15)             Temple (0/1) D:7           Sewer (visited)
   Lair: D:8-11

Altars:
Cheibriados
Dithmenos
Elyvilon
Gozag
Hepliaklqana
Qazlal
Sif Muna
Trog
Wu Jian
Zin
The Shining One

Shops:
D:5 *


Innate Abilities, Weirdness & Mutations

You have very sharp teeth.
Your uncanny sense of smell can sniff out nearby items.
Your experience applies equally to all skills.


Message History

The yak misses you. The yak gores you but does no damage. The yak misses you.
The yak barely misses you. The yak attacks as it pursues you!
You block the yak's attack. x2
Casting: Ignite Poison (dangerous; 17% risk of failure)
Confirm with . or Enter, or press ? or * to list all spells.
Aiming: Vampiric Draining (dangerous; 5% risk of failure)
Press: ? - help, Shift-Dir - straight line, f - yak, p - yak
Aim: a yak You draw life force from the yak!
You feel life coursing into your body. The yak gores you but does no damage.
Unknown command.
Casting: Vampiric Draining (dangerous; 5% risk of failure)
Confirm with . or Enter, or press ? or * to list all spells.
Aiming: Vampiric Draining (dangerous; 5% risk of failure)
Press: ? - help, Shift-Dir - straight line, f/p - yak
Aim: a yak (moderately wounded)
You draw life force from the yak!
You feel life coursing into your body. The yak gores you!
Unknown command.
Casting: Vampiric Draining (dangerous; 5% risk of failure)
Confirm with . or Enter, or press ? or * to list all spells.
Aiming: Vampiric Draining (dangerous; 5% risk of failure)
Press: ? - help, Shift-Dir - straight line, f/p - yak
Aim: a yak (heavily wounded)
You draw life force from the yak!
You feel life coursing into your body. The yak gores you!
Unknown command.
You hit the yak.
You kill the yak!
Cheibriados appreciates the change of pace.
The yak attacks as it pursues you! The yak gores you!
You block the yak's attack. The yak attacks as it pursues you!
The yak gores you!
* * * LOW HITPOINT WARNING * * *
The yak attacks as it pursues you! The yak gores you!
* * * LOW HITPOINT WARNING * * *
The yak gores you!
You die...

.# #########..####..######..##.#
.# #.^...>....# #..# #..###. .#
#.#######.## #..######..# ## .#
#.#####..........# # .#
#........#######.# .#
########.### #.# Y# #.....# #.#
Y# ############.....# #.# .#
.......YY.@......# #.#
.############.#Y##.....#####.#
.........Y.†Y.#.##.).........#
###############.####.#.##########
#..........).......
######....)).######
#######....... ########


You could see 3 yaks.

Vanquished Creatures
  Gastronok (D:8)
  A two-headed ogre (D:7)
  Grinder (D:5)
  6 yaks (D:8)
  2 wyverns
  An acid dragon (D:7)
  A water moccasin (D:7)
  2 orc warriors
  3 sky beasts
  An ice beast (D:8)
  A crocodile (Sewer)
  2 ogres
  2 centaurs (D:6)
  A kobold brigand (D:4)
  Blork the orc (D:5)
  A gnoll sergeant (D:6)
  3 scorpions
  A bullfrog (D:8)
  4 wights (D:8)
  5 killer bees (D:8)
  An electric eel (D:7)
  2 howler monkeys
  2 orc priests
  A bombardier beetle (D:5)
  2 jellies
  Crazy Yiuf (D:6)
  A hound (D:5)
  Ijyb (D:5)
  7 iguanas
  11 orc wizards
  4 gnolls (D:6)
  10 adders
  2 river rats (D:5)
  2 shadow imps (D:6)
  2 ufetubi (D:6)
  3 dart slugs
  A ribbon worm (D:3)
  25 orcs
  4 ball pythons
  6 bats
  11 endoplasms
  5 giant cockroaches
  4 hobgoblins
  13 jackals
  13 kobolds
  2 frilled lizards (D:2)
  3 goblins
  5 rats
184 creatures vanquished.

Notes
Turn   | Place    | Note
-------+----------+-------------------------------------------
     0 | D:1      | Kruger the Gnoll Fighter began the quest for the Orb.
     0 | D:1      | Reached XP level 1. HP: 23/23 MP: 1/1
    37 | D:1      | Reached XP level 2. HP: 28/29 MP: 2/2
   264 | D:2      | Reached XP level 3. HP: 21/35 MP: 3/3
   313 | D:2      | You fall into a shaft and drop 2 floors!
   324 | D:4      | Found a snail-covered altar of Cheibriados.
   338 | D:4      | Reached skill level 1 in Invocations
   351 | D:4      | Became a worshipper of Cheibriados the Contemplative
   363 | D:4      | Reached skill level 1 in Short Blades
   363 | D:4      | Reached skill level 1 in Long Blades
   363 | D:4      | Reached skill level 1 in Maces & Flails
   363 | D:4      | Reached skill level 1 in Polearms
   363 | D:4      | Reached skill level 1 in Staves
   363 | D:4      | Reached skill level 1 in Ranged Weapons
   363 | D:4      | Reached skill level 1 in Throwing
   363 | D:4      | Reached skill level 1 in Dodging
   363 | D:4      | Reached skill level 1 in Stealth
   363 | D:4      | Reached skill level 1 in Unarmed Combat
   363 | D:4      | Reached skill level 1 in Spellcasting
   363 | D:4      | Reached skill level 1 in Evocations
   366 | D:4      | Reached skill level 1 in Shapeshifting
   366 | D:4      | Reached XP level 4. HP: 31/41 MP: 5/5
   371 | D:4      | Reached skill level 1 in Conjurations
   371 | D:4      | Reached skill level 1 in Hexes
   371 | D:4      | Reached skill level 1 in Summonings
   371 | D:4      | Reached skill level 1 in Necromancy
   371 | D:4      | Reached skill level 1 in Translocations
   371 | D:4      | Reached skill level 1 in Fire Magic
   371 | D:4      | Reached skill level 1 in Ice Magic
   371 | D:4      | Reached skill level 1 in Air Magic
   371 | D:4      | Reached skill level 1 in Earth Magic
   371 | D:4      | Reached skill level 1 in Alchemy
   385 | D:4      | Reached XP level 5. HP: 23/47 MP: 5/7
   505 | D:4      | Noticed a kobold brigand
   520 | D:4      | Killed a kobold brigand
   920 | D:4      | Reached * piety under Cheibriados
  1106 | D:4      | Reached skill level 5 in Axes
  1106 | D:4      | Reached XP level 6. HP: 53/53 MP: 7/9
  1245 | D:3      | Learned a level 4 spell: Ignite Poison
  1289 | D:3      | Found a hazy altar of Hepliaklqana.
  1455 | D:3      | Reached ** piety under Cheibriados
  1636 | D:3      | Learned a level 2 spell: Jinxbite
  1758 | D:3      | Found a glowing silver altar of Zin.
  2001 | D:2      | Found a faded altar of an unknown god.
  2043 | D:2      | Found a bloodstained altar of Trog.
  2105 | D:2      | Identified the +1 ring mail of Adyes {Str+3}
  3151 | D:5      | Entered Level 5 of the Dungeon
  3198 | D:5      | Found a glowing drain.
  3209 | D:5      | Reached *** piety under Cheibriados
  3211 | D:5      | Reached XP level 7. HP: 38/60 MP: 10/10
  3226 | Sewer    | Entered a sewer
  3455 | D:5      | Found a glowing golden altar of the Shining One.
  3571 | D:5      | Learned a level 3 spell: Volatile Blastmotes
  3629 | D:5      | Found Hopsudd's General Store.
  3649 | D:5      | Found Otiturap's Specific Store.
  3655 | D:5      | Bought 2 atropa-tipped darts for 19 gold pieces
  3761 | D:5      | Noticed Grinder
  3766 | D:5      | Killed Grinder
  3767 | D:5      | Reached XP level 8. HP: 60/67 MP: 12/12
  3834 | D:5      | Noticed Ijyb
  3848 | D:5      | Killed Ijyb
  3892 | D:5      | Noticed Blork the orc
  3898 | D:5      | Killed Blork the orc
  4237 | D:5      | Bought a scroll of brand weapon for 114 gold pieces
  4241 | D:5      | Bought a scroll of brand weapon for 104 gold pieces
  4334 | D:6      | Reached **** piety under Cheibriados
  4395 | D:6      | Learned a level 3 spell: Vampiric Draining
  4483 | D:6      | Noticed a wyvern
  4493 | D:6      | Killed a wyvern
  4494 | D:6      | Reached XP level 9. HP: 39/73 MP: 9/15
  4769 | D:6      | Found a runed translucent door.
  4770 | D:6      | Noticed Crazy Yiuf
  4778 | D:6      | Killed Crazy Yiuf
  4865 | D:6      | Found an opulent altar of Gozag.
  4872 | D:6      | Found an ornate altar of the Wu Jian Council.
  4947 | D:6      | Found a stormy altar of Qazlal.
  5097 | D:7      | Learned a level 4 spell: Animate Dead
  5196 | D:7      | Reached ***** piety under Cheibriados
  5238 | D:7      | Found a white marble altar of Elyvilon.
  5290 | D:7      | HP: 1/72 [acid dragon/splash of acid (26)]
  5408 | D:7      | Found a staircase to the Ecumenical Temple.
  5631 | D:7      | Reached skill level 5 in Invocations
  5863 | D:7      | Found a shimmering blue altar of Sif Muna.
  6014 | D:7      | Noticed a two-headed ogre
  6023 | D:7      | Killed a two-headed ogre
  6189 | D:8      | Reached skill level 5 in Short Blades
  6189 | D:8      | Reached skill level 5 in Long Blades
  6189 | D:8      | Reached skill level 5 in Maces & Flails
  6189 | D:8      | Reached skill level 5 in Polearms
  6189 | D:8      | Reached skill level 5 in Staves
  6189 | D:8      | Reached skill level 5 in Ranged Weapons
  6189 | D:8      | Reached skill level 5 in Throwing
  6189 | D:8      | Reached skill level 5 in Dodging
  6189 | D:8      | Reached skill level 5 in Stealth
  6189 | D:8      | Reached skill level 5 in Unarmed Combat
  6189 | D:8      | Reached skill level 5 in Spellcasting
  6189 | D:8      | Reached skill level 5 in Evocations
  6189 | D:8      | Reached XP level 10. HP: 53/81 MP: 17/17
  6223 | D:8      | Found a shadowy altar of Dithmenos.
  6223 | D:8      | Noticed Gastronok
  6257 | D:8      | Killed Gastronok
  6258 | D:8      | Reached skill level 5 in Shapeshifting
  7077 | D:8      | Slain by a yak

Illustrated notes

Levels and vault maps discovered:
D:1:      spicycebolla_green_bress_n_ham_2, layout_basic
D:2:      layout_loops_ring, shapermc_ecumenical_altar_flowoftime, basic_altar
D:3:      layout_loops_cross, lemuel_tele_altar, lemuel_round_altar,
          dreamdust_princess_bridge
D:4:      layout_rooms, cheibriados_altar_1
D:5:      layout_rooms, tso_metal_star, serial_aquarium, aquarium_bridge_square
          [aquarium_subvault_bridge, aquarium_subvault_window,
          aquarium_subvault_bridge, aquarium_subvault_bridge],
          aquarium_window_1, aquarium_window_1, aquarium_view_2b,
          aquarium_balcony_3b, aquarium_pool_side, portal_sewer_entry_b,
          nicolae_specific_store, uniq_blork_the_orc, uniq_grinder, uniq_ijyb
D:6:      layout_cave_pools, mainiacjoe_overflow_catwalk_spiral,
          mainiacjoe_overflow_small_starburst, kennysheep_potato,
          uniq_crazy_yiuf_cottage
D:7:      layout_basic, nicolae_elyvilon_temple_path, led_sif_book,
          minmay_temple_entry_drinking_statues
D:8:      layout_loops_ring, mainiacjoe_overflow_paths, dk_noncrumbling_4,
          uniq_gastronok

Skill      XL: |  1  2  3  4  5  6  7  8  9 10 |
---------------+-------------------------------+-----
Invocations    | 1 2 3 4 5 6 |  6.4
Short Blades   | 1 2 3 4 5 |  5.9
Long Blades    | 1 2 3 4 5 |  5.9
Maces & Flails | 1 2 3 4 5 |  5.9
Polearms       | 1 2 3 4 5 |  5.9
Staves         | 1 2 3 4 5 |  5.9
Ranged Weapons | 1 2 3 4 5 |  5.9
Throwing       | 1 2 3 4 5 |  5.9
Dodging        | 1 2 3 4 5 |  5.9
Stealth        | 1 2 3 4 5 |  5.9
Unarmed Combat | 1 2 3 4 5 |  5.9
Spellcasting   | 1 2 3 4 5 |  5.9
Evocations     | 1 2 3 4 5 |  5.9
Shapeshifting  | 1 2 3 4 5 |  5.3
Conjurations   | 1 2 3 4 |  4.8
Hexes          | 1 2 3 4 |  4.8
Summonings     | 1 2 3 4 |  4.8
Necromancy     | 1 2 3 4 |  4.8
Translocations | 1 2 3 4 |  4.8
Fire Magic     | 1 2 3 4 |  4.8
Ice Magic      | 1 2 3 4 |  4.8
Air Magic      | 1 2 3 4 |  4.8
Earth Magic    | 1 2 3 4 |  4.8
Alchemy        | 1 2 3 4 |  4.8
Axes           | 5 6 7 |  7.5
Fighting       | 7 8 |  8.9
Armour         | 7 8 |  8.9
Shields        | 7 8 |  8.9

Action                     |  1- 3 |  4- 6 |  7- 9 | 10-12 || total
---------------------------+-------+-------+-------+-------++-------
  Melee: War axe           |    41 |    16 |       |       ||    57
         Bite              |     4 |     9 |    18 |     4 ||    35
         Hand axe          |       |    99 |   114 |    54 ||   267
  Throw: Boomerang         |       |    26 |    49 |    18 ||    93
         Dart              |       |       |       |     3 ||     3
   Cast: Jinxbite          |       |       |     7 |     2 ||     9
         Ignite Poison     |       |       |    11 |    11 ||    22
         Vampiric Draining |       |       |     3 |    10 ||    13
 Invoke: Slouch            |       |       |     1 |       ||     1
  Evoke: Wand              |       |       |    13 |     1 ||    14
    Use: Scroll            |     1 |     6 |     5 |       ||    12
         Potion            |       |     2 |     1 |     1 ||     4
   Stab: Sleeping          |       |       |     2 |       ||     2
 Armour: Scale mail        |    47 |    86 |       |       ||   133
         Ring mail         |       |    10 |    95 |    63 ||   168
  Dodge: Dodged            |    29 |    76 |    90 |    45 ||   240
  Block: Buckler           |    15 |    44 |    54 |    30 ||   143
